 Dungeon Crawl Stone Soup version 0.31.0-11-ge490571c62 (webtiles) character file.

Game seed: 1053661981086358792

6157 Gadfly the Prestidigitator (level 10, 0/70 HPs)
             Began as a Demonspawn Monk on Feb 5, 2024.
             Was a Follower of Ru.
             Slain by a troll (14 damage)
             ... on level 9 of the Dungeon.
             The game lasted 00:12:40 (8588 turns).

Gadfly the Prestidigitator (Demonspawn Monk)        Turns: 8588, Time: 00:12:40

Health: 0/70       AC:  7    Str: 15    XL:     10   Next: 60%
Magic:  10/10      EV: 14    Int: 11    God:    Ru [*.....]
Gold:   365        SH:  0    Dex: 16    Spells: 6/9 levels left

rFire   + . .        b - +5 hand axe (freeze)
rCold   . . .        (no shield)
rNeg    . . .        f - +1 leather armour {rF+}
rPois   .            e - +0 helmet
rElec   .            g - scarf {harm}
rCorr   .            (no gloves)
SInv    +            (no boots)
Will    .....        D - amulet of faith
Stlth   +            u - ring of see invisible
HPRegen 0.31/turn    C - +4 ring of slaying
MPRegen 0.12/turn

%: harm (+30% outgoing, +20% incoming), faith
@: no status effects
A: thin metallic scales 1, (demonic guardian 1), spiny 2, hated by all, weakness
stinger 1
a: Renounce Religion


You were on level 9 of the Dungeon.
You worshipped Ru.
Ru was aware of your devotion.
You visited 2 branches of the dungeon, and saw 10 of its levels.

You collected 465 gold pieces.
You spent 100 gold pieces at shops.

Inventory:

Hand Weapons
 b - a +5 hand axe of freezing (weapon)
 c - a +1 dagger of venom
 r - a +4 dagger of draining
Armour
 a - a +0 robe
 e - a +0 helmet (worn)
 f - a +1 leather armour of fire resistance (worn)
 g - a scarf of harm (worn)
 q - an orb of light
Jewellery
 j - a ring of positive energy
 l - a ring of ice
 o - an amulet of reflection
 t - a ring of resist corrosion
 u - a ring of see invisible (left hand)
 w - a ring of ice
 z - a ring of fire
 C - a +4 ring of slaying (right hand)
 D - an amulet of faith (around neck)
Talismans
 y - a flux talisman
Wands
 d - a wand of flame (11) (quivered)
 s - a wand of roots (13)
 G - a wand of light (4)
Scrolls
 h - 5 scrolls of teleportation
 k - 2 scrolls of poison
 m - 2 scrolls of enchant armour
 p - 4 scrolls of fog
 F - 2 scrolls of revelation
Potions
 i - a potion of curing
 n - a potion of resistance
 v - 2 potions of mutation
 A - a potion of invisibility {unknown}
 B - a potion of cancellation
 E - a potion of enlightenment


   Skills:
 - Level 3.0 Fighting
 + Level 6.3 Dodging
 * Level 8.5 Unarmed Combat
 * Level 8.5 Evocations
 * Level 7.0 Shapeshifting


You had 6 spell levels left.
You knew the following spells:

 Your Spells              Type           Power      Damage    Failure   Level
a - Passwall              Erth           0%         N/A       78%         3

Your spell library contained the following spells:

 Spells                   Type           Power      Damage    Failure   Level
 Sandblast                Erth           0%         2d4       41%         1
 Cigotuvi's Dreadful Rot  Necr/Alch/Air  0%         N/A       54%         2
 Ensorcelled Hibernation  Hex/Ice        0%         N/A       54%         2
 Sublimation of Blood     Necr           0%         N/A       54%         2
 Dazzling Flash           Conj/Hex       0%         N/A       78%         3
 Frozen Ramparts          Ice            0%         1d1       78%         3
 Fugue of the Fallen      Necr           0%         N/A       78%         3
 Mephitic Cloud           Conj/Alch/Air  0%         N/A       78%         3
 Stone Arrow              Conj/Erth      0%         3d7       78%         3
 Anguish                  Hex/Necr       0%         N/A       99%         4
 Brom's Barrelling Bould  Conj/Erth      0%         2d3       99%         4
 Leda's Liquefaction      Alch/Erth      0%         N/A       99%         4
 Petrify                  Alch/Erth      0%         N/A       99%         4
 Curse of Agony           Necr           0%         N/A       100%        5
 Metabolic Englaciation   Hex/Ice        0%         N/A       100%        5
 Silence                  Hex/Air        0%         N/A       100%        5
 Call Imp                 Summ           Unusable   N/A       N/A         2
 Summon Mana Viper        Hex/Summ       Unusable   N/A       N/A         5
 Summon Hydra             Summ           Unusable   N/A       N/A         7

Dungeon Overview and Level Annotations

Branches:
Dungeon (9/15)             Temple (1/1) D:7            Lair (0/5) D:8
    Orc: D:9-12

Altars:
Ashenzari
Cheibriados
Dithmenos
Gozag
Kikubaaqudgha
Makhleb
Okawaru
Qazlal
Ru
Sif Muna
Trog
Uskayaw
Vehumet
Wu Jian
Xom

Shops:
D:9 *


Innate Abilities, Weirdness & Mutations

You are partially covered in thin metallic scales. (AC +2)
((A weak demonic guardian rushes to your aid.))
You are mostly covered in sharp spines.
You are hated by all.
You have a small tail.


Message History

The troll claws you but does no damage.
You hit the troll. You freeze the troll.
You tail-slap the troll, but do no damage.
The troll is lightly wounded.
The troll barely misses you. The troll claws you.
The troll claws you but does no damage.
You hit the troll. You freeze the troll.
Your tail-slap misses the troll.
The troll is moderately wounded.
The troll is struck by your spines. The troll misses you. The troll claws you!
The troll claws you.
You hit the troll. You freeze the troll.
The troll is heavily wounded.
The troll misses you.
The troll claws you. x2; The troll misses you.
The troll closely misses you. The troll misses you.
You closely miss the troll.
The troll is heavily wounded.
The troll is struck by your spines. The troll bites you.
The troll barely misses you. The troll closely misses you.
You hit the troll but do no damage.
The troll is almost dead.
The troll misses you. The troll claws you. The troll claws you!
You are too injured to fight recklessly!
You are too injured to fight recklessly!
You are too injured to fight recklessly!
You are too injured to fight recklessly!
A troll is nearby!
A troll is nearby!
You are too injured to fight recklessly!
Unknown command.
You barely miss the troll.
The troll is severely wounded.
The troll is stunned by your conviction and fails to attack.
The troll is struck by your spines. The troll bites you!
* * * LOW HITPOINT WARNING * * *
The troll closely misses you. The troll claws you.
* * * LOW HITPOINT WARNING * * *
You barely miss the troll.
The troll is almost dead.
The troll bites you!
You die...

###.######.#####.#####
#.# #.# #.# #.# #.# #.#
#.# #.# #.# #.# #.# #.#
#.# #.# #.#
###.######.#####.#######
........................
###.............@T......
#........)............
#.....................
#.....................
###.........>...........
........................
######.#####.######.####
# #.# #.# .# # #.# #.#


You could see a troll.

Vanquished Creatures
  2 two-headed ogres
  Maurice (D:8)
  A hornet (D:9)
  2 trolls (D:8)
  A ynoxinul (D:8)
  A shadow (D:9)
  2 yaks
  A wyvern (D:8)
  2 basilisks (D:8)
  3 vampire mosquitoes (D:7)
  Edmund (D:5)
  Duvessa (D:4)
  A sky beast (D:7)
  2 orc warriors (D:9)
  2 centaurs
  A phantom (D:6)
  6 bullfrogs
  2 kobold brigands (D:6)
  Blork the orc (D:5)
  2 scorpions
  4 wights (D:4)
  Dowan (D:4)
  2 bombardier beetles
  An electric eel (D:6)
  2 howler monkeys
  4 hounds
  An orc priest (D:5)
  2 gnoll boudas
  3 jellies
  2 sleepcaps
  Ijyb (D:2)
  5 orc wizards
  11 gnolls
  10 adders
  A shadow imp (D:6)
  2 white imps
  4 ufetubi
  4 dart slugs
  16 orcs
  6 ball pythons
  9 endoplasms
  3 giant cockroaches (D:1)
  10 goblins
  6 hobgoblins
  20 kobolds
  2 quokkas
  2 bats (D:1)
  3 frilled lizards
  4 rats
176 creatures vanquished.

Notes
Turn   | Place    | Note
-------+----------+-------------------------------------------
     0 | D:1      | Gadfly the Demonspawn Monk began the quest for the Orb.
     0 | D:1      | Reached XP level 1. HP: 18/18 MP: 1/1
   386 | D:1      | Gained mutation: You are partially covered in thin metallic
                  | scales. (AC +2) [demonic ancestry]
   386 | D:1      | Reached XP level 2. HP: 24/24 MP: 2/2
   543 | D:1      | Reached skill level 1 in Evocations
   543 | D:1      | Reached skill level 1 in Shapeshifting
   569 | D:1      | Reached XP level 3. HP: 23/29 MP: 3/3
  1279 | D:2      | Noticed Ijyb
  1328 | D:2      | Killed Ijyb
  1329 | D:2      | Gained mutation: You have a small tail. [demonic ancestry]
  1329 | D:2      | Reached XP level 4. HP: 30/35 MP: 4/4
  1932 | D:3      | Found a shadowy altar of Dithmenos.
  2175 | D:3      | Found a hide-covered altar of Uskayaw.
  2351 | D:3      | Gained mutation: You are partially covered in sharp spines.
                  | [demonic ancestry]
  2351 | D:3      | Reached XP level 5. HP: 35/41 MP: 5/5
  2445 | D:3      | Found a faded altar of an unknown god.
  2721 | D:4      | Noticed Dowan
  2738 | D:4      | Killed Dowan
  2848 | D:4      | Found a sacrificial altar of Ru.
  2856 | D:4      | Became a worshipper of Ru the Awakened
  2857 | D:4      | Gained mutation: You are hated by all. [Ru sacrifice]
  2857 | D:4      | Reached * piety under Ru
  2863 | D:4      | Noticed Duvessa
  2878 | D:4      | Gained mutation: You are mostly covered in sharp spines.
                  | [demonic ancestry]
  2878 | D:4      | Reached XP level 6. HP: 25/47 MP: 6/6
  2910 | D:4      | Killed Duvessa
  3205 | D:4      | Reached XP level 7. HP: 35/52 MP: 7/7
  3621 | D:5      | Entered Level 5 of the Dungeon
  3973 | D:5      | Noticed Edmund
  4000 | D:5      | Killed Edmund
  4001 | D:5      | Reached skill level 5 in Unarmed Combat
  4373 | D:5      | Reached XP level 8. HP: 58/58 MP: 8/8
  4475 | D:5      | Noticed Blork the orc
  4479 | D:5      | Killed Blork the orc
  4707 | D:6      | Reached skill level 5 in Evocations
  4830 | D:6      | Found a radiant altar of Vehumet.
  5095 | D:6      | Got the Incunable of Creation
  5710 | D:7      | Reached skill level 5 in Shapeshifting
  5710 | D:7      | Reached XP level 9. HP: 63/63 MP: 9/9
  5846 | D:7      | Reached skill level 5 in Dodging
  6061 | D:7      | Found a staircase to the Ecumenical Temple.
  6072 | Temple   | Entered the Ecumenical Temple
  6498 | D:7      | Learned a level 3 spell: Passwall
  6586 | D:8      | Noticed a troll
  6602 | D:8      | Killed a troll
  6691 | D:8      | Found a bloodstained altar of Trog.
  6878 | D:8      | Found a shimmering blue altar of Sif Muna.
  6882 | D:8      | Got Sif Muna's Guidebook on Assembled Skeletons
  6971 | D:8      | Found a staircase to the Lair.
  7325 | D:8      | Noticed Maurice
  7327 | D:8      | Maurice stole a +4 ring of slaying
  7329 | D:8      | Maurice stole an orb of light
  7331 | D:8      | Noticed a two-headed ogre
  7334 | D:8      | Maurice stole a flux talisman
  7338 | D:8      | Maurice stole a +5 hand axe of freezing
  7339 | D:8      | Killed Maurice
  7347 | D:8      | HP: 4/94 [two-headed ogre/+0 giant club (5)]
  7350 | D:8      | Killed a two-headed ogre
  7351 | D:8      | Gained mutation: A weak demonic guardian rushes to your
                  | aid. [demonic ancestry]
  7351 | D:8      | Reached XP level 10. HP: 31/70 MP: 1/10
  8090 | D:9      | Found Osischyam's Assorted Antiques.
  8096 | D:9      | Bought a glass wand for 100 gold pieces
  8125 | D:9      | Noticed a two-headed ogre
  8137 | D:9      | Killed a two-headed ogre
  8588 | D:9      | Slain by a troll

Illustrated notes

Levels and vault maps discovered:
D:1:      heliophobic_arrival_henge, layout_loops_corners, minmay_3d_cube
D:2:      kennysheep_the_goblin_king, layout_loops_cross
D:3:      layout_basic, mainiacjoe_overflow_catwalk,
          mainiacjoe_overflow_boulevard, chequers_ecumenical_altar_simple_redux
D:4:      layout_loops_ring, mainiacjoe_overflow_catch_the_wave,
          kennysheep_small_square, uniq_duvessa
D:5:      layout_loops_corners, serial_bayou_pond_e, uniq_blork_the_orc,
          uniq_edmund
D:6:      layout_rooms, nicolae_vehumet_altar_sigil, serial_bayou_lagoon_a
D:7:      layout_loops_cross, minmay_temple_entry_mini_moons
D:8:      layout_loops_ring, nzn_overflow_gifts_of_might_and_magic,
          nicolae_tso_swordbearing_angel, david_lair_generic,
          kennysheep_generic_room_9, uniq_maurice
D:9:      layout_small_grid, serial_shops, shop, serial_bayou,
          serial_bayou_pond_e, serial_bayou_pond_b, serial_bayou_pond_b,
          serial_bayou_pond_b
Temple:   dshaligram_water_room_temple

Skill      XL: |  1  2  3  4  5  6  7  8  9 10 |
---------------+-------------------------------+-----
Unarmed Combat | 3 4 5 6 7 8 |  8.5
Evocations     | 1 2 3 4 6 7 8 |  8.5
Shapeshifting  | 1 2 3 5 6 7 |  7.0
Dodging        | 3 4 5 6 |  6.3
Fighting       | |  3.0

Action                     |  1- 3 |  4- 6 |  7- 9 | 10-12 || total
---------------------------+-------+-------+-------+-------++-------
  Melee: Unarmed           |   120 |    94 |    53 |    41 ||   308
         Tailslap          |       |    20 |    35 |    12 ||    67
         Dagger            |       |    19 |       |       ||    19
         Hand axe          |       |     5 |   137 |    16 ||   158
         Punch             |       |       |     4 |     4 ||     8
 Invoke: Sacrifice Love    |       |     1 |       |       ||     1
         Reject Sacrifices |       |       |     1 |       ||     1
  Evoke: Wand              |       |       |     3 |     1 ||     4
    Use: Scroll            |     2 |     4 |    14 |       ||    20
         Potion            |     1 |     3 |     6 |     2 ||    12
   Stab: Distracted        |       |     1 |       |       ||     1
         Petrifying        |       |       |     1 |       ||     1
         Petrified         |       |       |     1 |       ||     1
         Invisible         |       |       |       |     1 ||     1
 Armour: Robe              |    47 |    49 |    39 |       ||   135
         Skin              |       |    25 |    34 |     8 ||    67
         Leather armour    |       |       |    67 |    40 ||   107
  Dodge: Dodged            |    66 |    58 |   106 |    38 ||   268
